 Dungeon Sprint DCSS version 0.26-a0-662-g8b9c6dab81 (webtiles) character file.

Game seed: 6135497872011552410

46 sahdkjhfkaj the Gusty (level 3, -1/24 HPs)
             Began as a Demonspawn Air Elementalist on Oct 10, 2020.
             Was a Believer of Sif Muna.
             Incinerated by a deep elf mage (9 damage)
             ... with a sticky flame
             ... in the Dungeon (Sprint VII: "The Pits").
             The game lasted 00:01:08 (333 turns).

sahdkjhfkaj the Gusty (Demonspawn Air Elementalist)  Turns: 333, Time: 00:01:09

Health: -1/24      AC:  2    Str:  8    XL:     3   Next: 46%
Magic:  0/8        EV: 12    Int: 17    God:    Sif Muna [**....]
Gold:   0          SH:  0    Dex: 13    Spells: 9/10 levels left

rFire    . . .     SeeInvis .   b - +2 falchion
rCold    . . .     Faith    .   (no shield)
rNeg     . . .     Spirit   .   a - +0 robe
rPois    .         Reflect  .   (no helmet)
rElec    .         Harm     .   (no cloak)
rCorr    .         Rampage  .   (no gloves)
MR       .....     NoTele   +   (no boots)
Stlth    +.........             (no amulet)
HPRegen  0.08/turn              (no ring)
MPRegen  0.11/turn              (no ring)

@: liquid flames, glowing
A: claws 1, hooves 1
a: Channel Magic, Renounce Religion


You were in the Dungeon.
You worshipped Sif Muna.
Sif Muna was pleased with you.
You visited 1 branch

Inventory:

Hand Weapons
 b - a +2 falchion (weapon)
Armour
 a - a +0 robe (worn)
Scrolls
 h - a scroll of blinking
 j - 3 scrolls of remove curse
 k - 5 scrolls of amnesia
 l - a scroll of summoning
 m - 2 scrolls of vulnerability
Potions
 c - a potion of curing
 e - a potion of haste
 f - 4 potions of magic
 g - 3 potions of berserk rage
 i - 2 potions of invisibility


   Skills:
 - Level 1.7 Dodging
 - Level 1.7 Stealth
 + Level 4.1 Spellcasting
 - Level 1.0 Conjurations
 * Level 5.8 Air Magic


You had 9 spell levels left.
You knew the following spells:

 Your Spells              Type           Power        Failure   Level
a - Shock                 Conj/Air       ###.         3%          1

Your spell library contained the following spells:

 Spells                   Type           Power        Failure   Level
 Swiftness                Air            ###.....     2%          2
 Static Discharge         Conj/Air       ###.....     12%         3
 Airstrike                Air            ###.......   14%         4
 Lightning Bolt           Conj/Air       ###.......   71%         5


Dungeon Overview and Level Annotations

Branches:
Dungeon (1/1)

Altars:
Ashenzari
Cheibriados
Dithmenos
Elyvilon
Fedhas
Gozag
Hepliaklqana
Kikubaaqudgha
Makhleb
Nemelex Xobeh
Okawaru
Qazlal
Ru
Sif Muna
Trog
Uskayaw
Vehumet
Wu Jian
Xom
Yredelemnul
Zin
The Shining One
Beogh
Jiyva
Lugonu


Innate Abilities, Weirdness & Mutations

You have sharp fingernails.
You have large cloven feet.


Message History

You are covered in liquid flames!
* * * LOW HITPOINT WARNING * * *
Unknown command.
You feel much better.
You are covered in liquid flames!
The deep elf mage hits you with a +0 dagger.
The hobgoblin misses you.
You are covered in liquid flames!
* * * LOW HITPOINT WARNING * * *
Unknown command.
Unknown command.
Casting: Shock (safe; 3% risk of failure)
Confirm with . or Enter, or press ? or * to list all spells.
Aiming: Shock (safe; 3% risk of failure)
Press: ? - help, Shift-Dir - straight line, f/p - deep elf mage
Aim: a deep elf mage, wielding a +0 dagger and wearing a +0 ring mail (heavily wounded)
The zap hits the deep elf mage.
The deep elf mage is heavily wounded.
You are covered in liquid flames!
You die...

#_______...##########
##########'##........
#..(.')))'.##......#.
##########.##........
#...........'........
#+#####'#####......#.
#.†#..# #........
#..†.†# ####'####
#.@#### #.......#
#.e#..# #.......#
#g.#e.# #.......#
##)#..#+###...<...#
#.)......##.......#
#........##.......#
###########.......#
#########


You could see a deep elf mage and a hobgoblin.

Vanquished Creatures
  A worker ant (D)
  A gnoll (D)
  An ooze (D)
  A leopard gecko (D)
  A bat skeleton (D)
  A goblin (D)
  A ball python (D)
  A bat (D)
8 creatures vanquished.

Notes
Turn   | Place    | Note
-------+----------+-------------------------------------------
     0 | D        | sahdkjhfkaj the Demonspawn Air Elementalist began the quest
                  | for the Orb.
     0 | D        | Reached XP level 1. HP: 13/13 MP: 3/3
    42 | D        | Reached skill level 3 in Air Magic
   107 | D        | Found a bloodstained altar of Trog.
   107 | D        | Found a shimmering blue altar of Sif Muna.
   107 | D        | Found a viscous altar of Jiyva.
   107 | D        | Found a hazy altar of Hepliaklqana.
   107 | D        | Found an opulent altar of Gozag.
   108 | D        | Found a glowing golden altar of the Shining One.
   108 | D        | Found a glowing silver altar of Zin.
   108 | D        | Found a basalt altar of Yredelemnul.
   108 | D        | Found a shimmering altar of Xom.
   108 | D        | Found an ornate altar of the Wu Jian Council.
   108 | D        | Found a sacrificial altar of Ru.
   108 | D        | Found a stormy altar of Qazlal.
   108 | D        | Found an iron altar of Okawaru.
   108 | D        | Found a sparkling altar of Nemelex Xobeh.
   108 | D        | Found a burning altar of Makhleb.
   108 | D        | Found a blossoming altar of Fedhas.
   108 | D        | Found a white marble altar of Elyvilon.
   108 | D        | Found a shadowy altar of Dithmenos.
   108 | D        | Found a snail-covered altar of Cheibriados.
   110 | D        | Found a corrupted altar of Lugonu.
   110 | D        | Found a radiant altar of Vehumet.
   110 | D        | Found a roughly hewn altar of Beogh.
   111 | D        | Found a broken altar of Ashenzari.
   111 | D        | Found an ancient bone altar of Kikubaaqudgha.
   111 | D        | Found a hide-covered altar of Uskayaw.
   115 | D        | Became a worshipper of Sif Muna the Loreminder
   149 | D        | Reached skill level 4 in Air Magic
   195 | D        | Reached * piety under Sif Muna
   195 | D        | Gained mutation: You have large cloven feet. [demonic
                  | ancestry]
   195 | D        | Reached XP level 2. HP: 19/19 MP: 3/5
   248 | D        | Reached skill level 5 in Air Magic
   248 | D        | Gained mutation: You have sharp fingernails. [demonic
                  | ancestry]
   248 | D        | Reached XP level 3. HP: 19/24 MP: 0/8
   319 | D        | Noticed a deep elf mage
   327 | D        | Reached ** piety under Sif Muna
   333 | D        | Incinerated by a deep elf mage

Illustrated notes

Levels and vault maps discovered:
D:        pitsprint [storerooms_1, entrance_room_1, metal_vault_4, armoury_2,
          mini_pit_1, grid_room_1, main_hall_1, silver_pit, the_coven_1,
          the_vestibule_1, steel_vault_2, golden_pit, hallway_of_sentries,
          crystal_vault_3, iron_vault_1, final_vault]

Skill      XL: |  1  2  3 |
---------------+----------+-----
Air Magic      | 4 5 |  5.8
Spellcasting   | 3 4 |  4.1
Dodging        | |  1.7
Stealth        | |  1.7
Conjurations   | |  1.0

Action                   || total
-------------------------++-------
Melee: Unarmed           ||     3
       Falchion          ||     1
       Kick              ||     1
 Cast: Shock             ||    25
  Use: Potion            ||     1
Armor: Robe              ||     4
Dodge: Dodged            ||    17
       Rpst.: Falchion   ||     3

Table legend: (Time is in decaauts)
 A = Elapsed time spent in this place.
 B = Non-inter-level travel time spent in this place.
 C = Inter-level travel time spent in this place.
 D = Time resting spent in this place.
 E = Time spent auto-exploring this place.
 F = Levels seen in this place.
 G = Mean time per level.
                   A        B        C        D        E       F      G
               +--------+--------+--------+--------+--------+-----+--------+
         Total |    332 |    332 |      0 |    202 |      0 |   1 |  332.0 |
       Dungeon |    332 |    332 |      0 |    202 |      0 |   1 |  332.0 |
               +--------+--------+--------+--------+--------+-----+--------+

Top non-repeatable levels by time:
       D: 332 daAuts
